 Seeded DCSS version 0.28.0 (webtiles) character file.

Game seed: 17344803007292688020 (custom seed)

11 Buxparty the Covered (level 2, -1/19 HPs)
             Began as a Gargoyle Fighter on Feb 10, 2022.
             Slain by a worm (4 damage)
             ... on level 2 of the Dungeon.
             The game lasted 00:01:06 (880 turns).

Buxparty the Covered (Gargoyle Fighter)              Turns: 880, Time: 00:01:07

Health: -1/19      AC:  9    Str: 19    XL:     2   Next: 29%
Magic:  2/2        EV:  9    Int:  8    God:
Gold:   30         SH:  4    Dex:  9    Spells: 1/1 levels left

rFire   . . .      SeeInvis .   a - +0 long sword
rCold   . . .      Faith    .   c - +0 buckler
rNeg    + . .      Spirit   .   b - +0 scale mail
rPois   ∞          Reflect  .   (no helmet)
rElec   +          Harm     .   (no cloak)
rCorr   .          Rampage  .   (no gloves)
Will    .....                   (no boots)
Stlth   ..........              (no amulet)
HPRegen 0.06/turn               (no ring)
MPRegen 0.08/turn               (no ring)

@: no status effects
A: sickness immunity, AC +2, negative energy resistance 1, electricity
resistance, torment resistance 1, petrification resistance
a: no special abilities


You were on level 2 of the Dungeon.
You visited 1 branch of the dungeon, and saw 2 of its levels.

You collected 30 gold pieces.

Inventory:

Hand Weapons
 a - a +0 long sword (weapon)
Missiles
 h - 4 curare-tipped darts (quivered)
Armour
 b - a +0 scale mail (worn)
 c - a +0 buckler (worn)
Scrolls
 e - a scroll of magic mapping {unknown}
 g - a scroll of fog {unknown}
 i - a scroll of vulnerability {unknown}
Potions
 d - a potion of might
 f - a potion of curing {unknown}


   Skills:
 + Level 3.5 Fighting
 + Level 2.0 Long Blades
 + Level 3.5 Armour
 + Level 3.5 Shields


You had one spell level left.
You didn't know any spells.
Your spell library was empty.

Dungeon Overview and Level Annotations

Branches:
Dungeon (2/15)

Altars:

Shops:
D:1 [:(


Innate Abilities, Weirdness & Mutations

You are immune to sickness and miasma.
Your stone body is resilient. (AC +2)
You are immune to poison.
You resist negative energy. (rN+)
You are resistant to electric shocks. (rElec)
You are resistant to unholy torment.
You are immune to petrification.


Message History

You slash the bat!
You kill the bat!
No target in view!
You see here a bat corpse.
Found 4 curare-tipped darts.
No target in view!
g - a scroll labelled QAHILU HUCA You see here 4 curare-tipped darts.
h - 4 curare-tipped darts
Found 16 stones.
i - a scroll labelled FOXIULA LAOPT You see here a +0 buckler.
Found a ring mail.
You see here a +0 ring mail.
Done exploring.
Done exploring.
(D) Dungeon
Where to? (? - help)
There is a stone staircase leading down here.
You climb downwards.
There is a stone staircase leading up here.
A worm comes into view.
Found a scroll labelled PYLIVA GUDIAME.
An adder comes into view.
The adder hisses angrily.
You hit the worm.
The worm is lightly wounded.
The worm bites you.
You slash the worm!
The worm is severely wounded.
The worm bites you!
You barely miss the worm.
The worm is heavily wounded.
The worm bites you!
* * * LOW HITPOINT WARNING * * *
You are too injured to fight recklessly!
You hit the worm.
The worm is severely wounded.
The worm bites you.
You die...

#############
.......<....#
.##########.# ###
#.# ##... #.# #
#.....###.##....
#....Sw@.....#
#..?..##.........
##... #..#.##...
.... ...#.# ##
### ##.##.# #.# #
#.# #.#


You could see a worm and an adder.

Vanquished Creatures
  A dart slug (D:1)
  A bat (D:1)
  3 hobgoblins (D:1)
  2 frilled lizards (D:1)
  3 rats (D:1)
10 creatures vanquished.

Notes
Turn   | Place    | Note
-------+----------+-------------------------------------------
     0 | D:1      | Buxparty the Gargoyle Fighter began the quest for the Orb.
     0 | D:1      | Reached XP level 1. HP: 14/14 MP: 1/1
   111 | D:1      | Found Beor Zis's Weapon Shop.
   199 | D:1      | Found Taisuts's Book Boutique.
   306 | D:1      | Found Juoptas's Armour Boutique.
   437 | D:1      | Reached XP level 2. HP: 17/19 MP: 2/2
   550 | D:1      | Found a faded altar of an unknown god.
   880 | D:2      | Slain by a worm

Illustrated notes

Levels and vault maps discovered:
D:1:      wander_arrival_estate, layout_basic,
          ebering_ecumenical_altar_sacrificial, serial_shops,
          nicolae_shop_temple_entry_statues_fountains, shop,
          nicolae_shop_bloodbath_and_beyond
D:2:      cheibrodos_fertilizer, layout_loops_ring, basic_altar

Skill      XL: |  1 |
---------------+----+-----
Long Blades    | 2 |  2.0
Fighting       | |  3.5
Armour         | |  3.5
Shields        | |  3.5

Action                   || total
-------------------------++-------
Melee: Long sword        ||    35
Armor: Scale mail        ||    14
Dodge: Dodged            ||    17
Block: Buckler           ||     7
